Map: 트라이튼 - 래더

Players

Creator

  • Race: Protoss Protoss
  • Spawn Location: 11:00

sOs - Winner!

  • Race: Protoss Protoss
  • Spawn Location: 5:00

Event: IEM Katowice 2020

VOD

Have the link to the VOD?

Description

Time

  • Played on: Feb. 24, 2020, 5:18 a.m.
  • Length: 13:04

All games in this series

Show
View Real Time Build Order
Export as new Build Order

Creator Protoss 

Build Orders: Oracle Opening, Archon Immortal 

Get SALT Encoding   

  12  0:00  Probe  
  13  0:12  Probe  
  14  0:17  Pylon  
  14  0:24  Probe (Chrono Boost)  
  15  0:37  Probe (Chrono Boost)  
  15  0:38  Gateway  
  16  0:44  Probe (Chrono Boost)  
  16  0:46  Assimilator  
  17  0:51  Probe  
  17  0:54  Assimilator  
  18  1:03  Probe (Chrono Boost)  
  19  1:07  Gateway  
  19  1:12  Probe (Chrono Boost)  
  19  1:17  Probe (Chrono Boost)  
  20  1:25  Cybernetics Core  
  21  1:29  Probe  
  22  1:36  Pylon  
  22  1:41  Probe  
  23  1:54  Probe  
  24  2:01  Stargate  
  24  2:05  Adept x2  
  24  2:08  Warp Gate  
  28  2:15  Pylon  
  28  2:35  Adept x2  
  32  2:43  Oracle (Chrono Boost)  
  34  2:58  Shield Battery  
  34  3:10  Oracle (Chrono Boost)  
  37  3:21  Nexus  
  37  3:25  Probe  
  38  3:30  Pylon  
  38  3:44  Probe  
  39  3:56  Probe, Stalker x2  
  44  4:07  Pylon  
  44  4:08  Probe  
  45  4:20  Stalker  
  47  4:25  Probe  
  47  4:27  Stalker  
  50  4:32  Phoenix  
  50  4:44  Probe (Chrono Boost)  
  51  4:49  Probe (Chrono Boost)  
  52  4:53  Probe (Chrono Boost)  
  52  4:57  Probe (Chrono Boost)  
  53  5:02  Forge  
  51  5:09  Probe x2  
  51  5:22  Probe x2  
  51  5:28  Robotics Facility  
  53  5:31  Assimilator  
  53  5:33  Assimilator  
  53  5:34  Probe (Chrono Boost), Protoss Ground Weapons Level 1  
  55  5:38  Probe (Chrono Boost), Shield Battery  
  55  5:46  Probe (Chrono Boost)  
  55  5:47  Sentry  
  55  5:48  Stalker  
  55  5:49  Probe (Chrono Boost)  
  61  5:51  Probe (Chrono Boost)  
  62  5:58  Probe  
  62  6:00  Probe  
  64  6:09  Pylon  
  64  6:10  Probe  
  65  6:12  Immortal (Chrono Boost)  
  65  6:13  Probe  
  70  6:29  Stalker x2  
  70  6:44  Immortal (Chrono Boost)  
  70  6:46  Probe x2  
  70  6:50  Twilight Council  
  70  6:54  Zealot, Stalker  
  70  6:58  Pylon  
  70  7:00  Gateway  
  74  7:01  Gateway  
  74  7:16  Observer (Chrono Boost)  
  74  7:22  Gateway  
  75  7:25  Gateway  
  75  7:26  Charge  
  75  7:32  Templar Archives  
  75  7:35  Stalker  
  75  7:36  Zealot  
  77  7:38  Protoss Ground Weapons Level 2 (Chrono Boost)  
  77  7:39  Immortal (Chrono Boost)  
  79  7:53  Pylon  
  79  7:55  Gateway x2  
  79  7:58  Phoenix  
  81  8:13  Pylon  
  81  8:15  Warp Prism (Chrono Boost)  
  81  8:23  Phoenix  
  85  8:28  Sentry, Zealot  
  85  8:29  Zealot  
  89  8:37  Nexus  
  89  8:41  High Templar x2  
  93  8:45  Archon  
  93  8:48  Phoenix (Chrono Boost)  
  93  9:12  Phoenix  
  93  9:14  Immortal, Zealot x2  
  95  9:41  High Templar x2  
  95  9:42  Zealot  
  95  9:45  Pylon  
  99  9:46  Pylon  
  99  9:47  Pylon  
  99  9:48  Archon, Zealot  
  99  9:49  Zealot x4  
  109  10:04  Phoenix (Chrono Boost)  
  111  10:09  Zealot x3  
  111  10:13  Probe x3  
  120  10:16  Observer (Chrono Boost)  
  120  10:17  Observer  
  121  10:25  Phoenix (Chrono Boost)  
  123  10:31  Pylon  
  123  10:32  Photon Cannon  
  121  10:41  High Templar x2, Zealot x3  
  131  10:44  Phoenix (Chrono Boost)  
  131  10:46  Archon  
  131  10:49  Sentry, Zealot  
  137  10:50  Zealot  
  137  10:52  Shield Battery  
  138  11:05  Phoenix (Chrono Boost), Zealot x2  
  138  11:06  Zealot  
  144  11:16  Zealot x4  
  138  11:25  Zealot  
  132  11:31  High Templar  
  132  11:32  High Templar  
  126  11:36  Archon  
  126  11:37  Zealot x4  
  126  11:39  Zealot  
  136  11:47  Zealot  
  138  11:58  High Templar  
  138  11:59  High Templar, Zealot x3  
  146  12:02  Pylon  
  146  12:03  Archon  
  136  12:11  Zealot x3  
  108  12:18  Zealot  
  90  12:28  High Templar x2  
  90  12:29  Zealot  
  78  12:33  Archon, Zealot x4  
  71  12:38  Zealot  
  71  12:50  Zealot  
Show
View Real Time Build Order
Export as new Build Order

sOs Protoss - Winner!

Build Orders:  

Get SALT Encoding   

  12  0:00  Probe  
  13  0:13  Probe  
  14  0:16  Pylon  
  14  0:25  Probe (Chrono Boost)  
  15  0:37  Probe (Chrono Boost)  
  15  0:38  Gateway  
  16  0:44  Probe (Chrono Boost)  
  16  0:46  Assimilator  
  17  0:51  Probe  
  17  0:54  Assimilator  
  18  1:03  Probe (Chrono Boost)  
  19  1:08  Gateway  
  19  1:12  Probe (Chrono Boost)  
  20  1:18  Probe  
  21  1:26  Cybernetics Core  
  21  1:31  Probe  
  22  1:34  Pylon  
  22  1:43  Probe  
  23  1:55  Probe  
  24  2:01  Stalker  
  24  2:02  Warp Gate, Sentry  
  28  2:12  Pylon  
  28  2:23  Robotics Facility  
  28  2:31  Shield Battery  
  28  2:32  Stalker  
  30  2:37  Stalker  
  32  3:10  Nexus  
  32  3:16  Immortal (Chrono Boost), Shield Battery  
  36  3:27  Pylon  
  36  3:31  Probe  
  37  3:52  Adept x2  
  37  3:53  Probe, Observer  
  43  4:03  Twilight Council  
  43  4:05  Probe  
  44  4:13  Stalker  
  45  4:18  Probe  
  45  4:23  Stalker  
  48  4:24  Probe  
  48  4:28  Observer  
  50  4:38  Blink (Chrono Boost)  
  50  4:43  Probe x2  
  48  4:52  Shield Battery  
  48  4:53  Stalker  
  48  4:56  Stalker  
  48  4:59  Probe  
  54  5:00  Probe  
  53  5:16  Probe  
  53  5:17  Probe  
  55  5:22  Stalker x2  
  59  5:29  Probe x2 (Chrono Boost)  
  61  5:38  Probe (Chrono Boost)  
  61  5:39  Pylon  
  61  5:41  Observer  
  62  5:45  Probe  
  62  5:53  Pylon  
  62  5:57  Probe  
  62  5:58  Probe  
  62  5:59  Forge  
  62  6:00  Stalker x2  
  68  6:08  Pylon  
  68  6:09  Probe  
  68  6:10  Probe  
  70  6:12  Assimilator  
  70  6:15  Assimilator  
  70  6:21  Probe  
  70  6:22  Probe  
  72  6:33  Probe (Chrono Boost)  
  72  6:34  Probe (Chrono Boost)  
  72  6:38  Stalker x2  
  75  6:45  Probe (Chrono Boost)  
  75  6:46  Phoenix, Probe (Chrono Boost)  
  70  6:51  Probe x2 (Chrono Boost)  
  72  6:56  Robotics Bay  
  72  7:00  Probe x2, Observer  
  74  7:02  Protoss Ground Weapons Level 1  
  74  7:04  Observer  
  75  7:12  Probe x2  
  77  7:24  Probe x2  
  77  7:28  Pylon, Gateway  
  79  7:30  Charge  
  79  7:32  Gateway  
  79  7:36  Probe  
  79  7:37  Probe  
  77  7:42  Colossus (Chrono Boost)  
  83  7:53  Gateway  
  83  7:57  Gateway x2  
  83  8:00  Gateway, Zealot  
  83  8:01  Pylon, Zealot  
  86  8:22  Pylon, Templar Archives  
  86  8:24  Colossus (Chrono Boost)  
  86  8:30  Zealot x2  
  86  8:34  Pylon  
  96  8:39  Extended Thermal Lance  
  96  8:46  Observer  
  96  8:51  Observer  
  96  8:58  Zealot x2  
  96  8:59  Zealot x4  
  106  9:06  Warp Prism (Chrono Boost)  
  106  9:10  Protoss Ground Weapons Level 2 (Chrono Boost)  
  106  9:23  High Templar x2  
  103  9:38  Colossus (Chrono Boost)  
  107  9:48  Archon  
  107  9:49  Zealot x5  
  117  9:57  Pylon  
  117  9:59  Pylon  
  113  10:07  High Templar x2  
  113  10:11  Archon  
  117  10:19  Nexus  
  115  10:35  High Templar x2  
  117  10:36  Zealot x4  
  117  10:39  Archon  
  117  10:40  Zealot x2  
  131  10:52  Pylon  
  131  11:10  Stalker x3  
  133  11:17  High Templar x2  
  133  11:18  Zealot x3  
  135  11:23  Archon  
  131  11:34  Zealot x3  
  131  11:39  Zealot x3  
  143  11:53  High Templar x2  
  147  11:54  Zealot  
  147  11:55  Zealot x2  
  147  11:57  Archon  
  147  12:01  Zealot x2  
  129  12:17  Zealot x4  
  121  12:23  Zealot  
  121  12:24  Zealot  
  113  12:31  Zealot x2  
  113  12:37  Zealot x4  
  124  12:46  Observer (Chrono Boost)  
  124  12:48  Probe x2  
  124  12:49  Probe  
  125  12:54  High Templar x4  
  125  12:58  Archon x2  
  133  13:01  Zealot x4  

Tags
 
Add a new tag
Caveats
  • Supply blocks, unpowered buildings, or Contaminate may cause inaccurate times.
  • Supply counts are checked every 10 seconds.